Map: White Rabbit LE

Players

Sindyr

  • Race: Zerg Zerg
  • League: Gold
  • Spawn Location: 1:00

MitVorhaut - Winner!

  • Race: Zerg Zerg
  • League: Silver
  • Spawn Location: 7:00

VOD

Have the link to the VOD?

Description

Time

  • Played on: Jan. 13, 2026, 8:15 p.m.
  • Length: 9:31
Show
View Real Time Build Order
Export as new Build Order

Sindyr Zerg 

Build Orders: Hatch First 

Get SALT Encoding   

  12  0:02  Drone  
  13  0:13  Drone  
  14  0:18  Extractor, Drone  
  14  0:27  Overlord  
  15  0:45  Overlord x2  
  15  1:01  Drone  
  16  1:04  Drone  
  16  1:07  Hatchery  
  16  1:18  Extractor  
  16  1:23  Spawning Pool  
  16  1:24  Drone  
  15  1:28  Drone  
  16  1:48  Drone x2  
  16  1:52  Drone  
  19  2:11  Queen  
  21  2:19  Queen  
  23  2:25  Drone x4  
  23  2:27  Metabolic Boost  
  27  2:36  Drone  
  28  2:54  Queen  
  28  2:56  Spore Crawler x2  
  28  3:01  Lair  
  28  3:05  Drone  
  28  3:06  Drone  
  28  3:07  Drone  
  31  3:25  Hatchery  
  30  3:34  Drone x4  
  30  3:35  Extractor  
  30  3:36  Drone  
  34  3:55  Roach Warren  
  33  3:56  Evolution Chamber x2  
  33  4:00  Drone x3  
  34  4:04  Drone  
  34  4:08  Drone  
  34  4:09  Drone  
  37  4:12  Drone  
  38  4:35  Glial Reconstitution  
  38  4:37  Zerg Missile Weapons Level 1  
  38  4:38  Zerg Ground Armor Level 1  
  38  4:41  Drone x6  
  38  4:43  Drone  
  38  4:45  Drone  
  46  4:51  Queen  
  48  5:06  Hydralisk Den  
  47  5:09  Extractor  
  47  5:10  Extractor  
  47  5:12  Spore Crawler  
  47  5:13  Spore Crawler  
  43  5:16  Spore Crawler  
  43  5:18  Spine Crawler  
  43  5:19  Spine Crawler, Drone  
  43  5:20  Drone  
  42  5:21  Spine Crawler  
  42  5:22  Drone  
  42  5:25  Drone  
  42  5:26  Drone  
  44  5:28  Drone  
  45  5:37  Muscular Augments  
  45  5:46  Drone x3  
  48  6:04  Overlord x3  
  48  6:05  Overlord  
  48  6:20  Drone x2  
  48  6:22  Drone x2  
  48  6:23  Drone  
  53  6:29  Overseer x2  
  53  6:35  Zerg Missile Weapons Level 2, Zerg Ground Armor Level 2  
  53  6:43  Infestation Pit  
  52  7:13  Drone x3  
  52  7:14  Drone x18  
  52  7:15  Drone x5  
  77  7:19  Extractor  
  77  7:20  Extractor  
  76  7:27  Hydralisk  
  76  7:28  Hydralisk, Roach  
  76  7:29  Roach  
  82  7:43  Spine Crawler  
  81  7:45  Spine Crawler  
  81  7:46  Roach  
  82  8:00  Spine Crawler  
  82  8:01  Spine Crawler  
  82  8:02  Spine Crawler  
  82  8:03  Spine Crawler  
  74  8:08  Overlord x3  
  74  8:09  Overlord  
  66  8:28  Roach x5  
  76  8:39  Hatchery  
  75  8:46  Overlord x3  
  77  9:10  Roach x6  
Show
View Real Time Build Order
Export as new Build Order

MitVorhaut Zerg - Winner!

Build Orders: Pool First 

Get SALT Encoding   

  12  0:48  Drone x2  
  14  1:27  Spawning Pool  
  14  1:31  Drone  
  14  1:38  Extractor  
  13  1:44  Drone x2, Extractor  
  14  1:47  Overlord  
  14  2:02  Hatchery  
  14  2:05  Drone  
  14  2:07  Drone  
  15  2:19  Drone  
  16  2:30  Drone  
  17  2:38  Drone  
  18  2:46  Lair  
  18  2:51  Drone  
  19  3:03  Drone  
  20  3:11  Overlord  
  20  3:14  Drone  
  21  3:47  Hydralisk Den  
  20  3:51  Evolution Chamber  
  19  3:57  Overlord x2  
  19  3:59  Drone x3  
  19  4:00  Drone  
  23  4:17  Zerg Missile Weapons Level 1  
  23  4:20  Muscular Augments  
  23  4:24  Hydralisk x4  
  23  4:29  Queen  
  33  4:32  Queen  
  35  4:39  Hydralisk x2  
  39  4:53  Hydralisk  
  41  5:14  Hydralisk x2  
  41  5:16  Overlord  
  45  5:23  Overseer  
  45  5:28  Drone  
  45  5:29  Drone x4  
  45  5:34  Extractor  
  49  5:38  Drone  
  50  5:53  Drone  
  50  5:54  Drone x3  
  54  5:59  Extractor  
  54  6:03  Hydralisk  
  54  6:04  Hydralisk x2  
  53  6:07  Overlord x2  
  59  6:17  Grooved Spines  
  59  6:21  Zerg Ground Armor Level 1  
  59  6:32  Drone  
  60  6:33  Drone x2  
  60  6:36  Drone x2  
  60  6:37  Drone x2  
  66  6:52  Hydralisk x4  
  74  7:17  Nydus Network  
  73  7:49  Hydralisk  
  75  7:51  Overlord  
  75  7:52  Overlord x2  
  75  8:27  Nydus Canal  
  75  8:33  Hydralisk x3  
  75  8:34  Hydralisk x6  
  79  8:35  Hydralisk x3  
  79  8:38  Overlord  
  99  8:51  Nydus Canal  
Tags
 
Matchup
ZvZ
Race
Zerg
Replay Pack
Multiplayer
Spawn Locations
Cross Positions
Add a new tag
Caveats
  • Supply blocks, unpowered buildings, or Contaminate may cause inaccurate times.
  • Supply counts are checked every 10 seconds.